 Dungeon Crawl Stone Soup version 0.27.0-1-g7a089689b8 (webtiles) character file.

Game seed: 5776469039040465958

33 fiver49 the Skirmisher (level 3, -1/31 HPs)
             Began as a Ghoul Arcane Marksman on Aug 5, 2021.
             Slain by a goblin (4 damage)
             ... led by Robin
             ... on level 1 of the Dungeon.
             The game lasted 00:02:24 (1569 turns).

fiver49 the Skirmisher (Ghoul Arcane Marksman)      Turns: 1569, Time: 00:02:24

Health: -1/31      AC:  5    Str: 14    XL:     3   Next: 29%
Magic:  3/3        EV: 10    Int:  8    God:
Gold:   61         SH:  0    Dex:  9    Spells: 3/4 levels left

rFire    . . .     SeeInvis .   (no weapon)
rCold    + . .     Faith    .   (no shield)
rNeg     + + +     Spirit   .   d - +0 ring mail
rPois    ∞         Reflect  .   (no helmet)
rElec    .         Harm     .   (no cloak)
rCorr    .         Rampage  .   (no gloves)
Will     .....                  (no boots)
Stlth    ..........             (no amulet)
HPRegen  0.00/turn              (no ring)
MPRegen  0.08/turn              (no ring)

@: inhibited regen
A: claws 1, cold resistance 1, negative energy resistance 3, inhibited
regeneration, torment resistance 2
a: no special abilities


You were on level 1 of the Dungeon.
You visited 1 branch of the dungeon, and saw 2 of its levels.

You collected 61 gold pieces.

Inventory:

Missiles
 b - 5 javelins (quivered)
 c - 2 throwing nets
Armour
 a - a +0 robe
 d - a +0 ring mail (worn)
Scrolls
 e - a scroll of vulnerability {unknown}
 f - a scroll of summoning {unknown}
 g - a scroll of enchant armour {unknown}
 h - a scroll of enchant weapon {unknown}
 i - a scroll of teleportation {unknown}
 j - a scroll of identify {unknown}


   Skills:
 + Level 3.4 Fighting
 - Level 1.7 Throwing
 - Level 1.7 Dodging
 - Level 1.0 Spellcasting
 - Level 2.4 Hexes


You had 3 spell levels left.
You knew the following spells:

 Your Spells              Type           Power      Damage    Failure   Level
a - Corona                Hex            4%         N/A       30%         1

Your spell library contained the following spells:

 Spells                   Type           Power      Damage    Failure   Level
 Slow                     Hex            4%         N/A       43%         2
 Apportation              Tloc           0%         N/A       63%         1
 Confusing Touch          Hex            4%         N/A       67%         3
 Inner Flame              Hex/Fire       2%         N/A       83%         3
 Portal Projectile        Hex/Tloc       4%         N/A       83%         3
 Vampiric Draining        Necr           0%         2d6       94%         3
 Cause Fear               Hex            2%         N/A       97%         4
 Alistair's Intoxication  Tmut/Pois      0%         N/A       100%        5
 Invisibility             Hex            2%         N/A       100%        6


Dungeon Overview and Level Annotations

Branches:
Dungeon (2/15)

Altars:

Annotations:
D:2 Robin


Innate Abilities, Weirdness & Mutations

You thrive by killing the living.
You are immune to poison.
You have sharp fingernails.
Your flesh is cold resistant. (rC+)
You are immune to negative energy. (rN+++)
You do not regenerate when monsters are visible.
You are immune to unholy pain and torment.


Message History

The goblin no longer looks unusually strong.
The goblin completely misses you. The goblin hits you with a +0 dagger.
The hobgoblin no longer looks unusually strong.
Robin roars a battlecry!
The goblins go into a battle-frenzy!
There is a stone staircase leading down here.
You scratch the hobgoblin.
The hobgoblin is severely wounded.
The hobgoblin hits you.
You scratch the hobgoblin.
You kill the hobgoblin!
You scratch the goblin but do no damage.
The goblin hits you with a +0 dagger.
* * * LOW HITPOINT WARNING * * *
You scratch the goblin but do no damage.
The goblin hits you with a +0 dagger.
* * * LOW HITPOINT WARNING * * *
A goblin comes into view. It is wielding a +0 dagger.
Robin roars a battlecry!
The hobgoblin goes into a battle-frenzy!
The hobgoblin no longer looks unusually strong.
Robin throws the goblin at you! The goblin hits you with a +0 club.
* * * LOW HITPOINT WARNING * * *
The goblin hits you with a +0 club.
* * * LOW HITPOINT WARNING * * *
The goblin barely misses you.
The goblin no longer looks unusually strong.
The goblin no longer looks unusually strong.
There is a stone staircase leading up here.
The goblin hits you but does no damage.
Robin roars a battlecry!
The goblins go into a battle-frenzy!
You climb upwards.
There is a stone staircase leading down here.
You closely miss the goblin. The goblin barely misses you.
You closely miss the goblin. The goblin hits you but does no damage.
You closely miss the goblin. The goblin closely misses you.
You closely miss the goblin. The goblin hits you with a +0 club.
You die...

........>...####...............##
...........## ##.#.##...........
........##.# #...........#....
..###......## ##........####....
..##..≈≈≈≈..####..≈≈≈≈...........
..##.≈≈≈≈≈§......≈≈≈≈≈≈..........
..##.≈§≈§≈≈..<>..≈≈≈≈≈≈..........
#.##.≈≈≈§≈≈....g.≈≈≈≈≈≈..........
#.##..≈≈§≈...##.@.≈≈≈≈...####....
#.###.......####.........#####+##
...##.§.......####......##.......
...##.........####......##.......
........................##.......
...#.#.#.#.#.#.#.#......##.......
........#...............##.......
.....#.#.#...#.#.#.....###.......
.........................+.......


You could see a goblin (strong).

Vanquished Creatures
  A dart slug (D:1)
  2 endoplasms (D:1)
  9 goblins
  2 hobgoblins (D:2)
  A jackal (D:2)
  3 kobolds (D:1)
  2 quokkas
  4 ball pythons
  A bat (D:1)
  2 frilled lizards (D:1)
  A rat (D:1)
28 creatures vanquished.

Notes
Turn   | Place    | Note
-------+----------+-------------------------------------------
     0 | D:1      | fiver49 the Ghoul Arcane Marksman began the quest for the
                  | Orb.
     0 | D:1      | Reached XP level 1. HP: 16/16 MP: 1/1
   481 | D:1      | Reached skill level 2 in Fighting
   481 | D:1      | Reached XP level 2. HP: 12/24 MP: 2/2
  1365 | D:2      | Reached skill level 3 in Fighting
  1477 | D:2      | Reached XP level 3. HP: 31/31 MP: 3/3
  1523 | D:2      | Noticed Robin
  1569 | D:1      | Slain by a goblin

Illustrated notes

Levels and vault maps discovered:
D:1:      dpeg_arrival_pits, layout_basic, hangedman_decor_riveting,
          minmay_tetromino_i4
D:2:      layout_rooms, chequers_serial_rivers_small_a,
          kennysheep_generic_room_12, uniq_robin

Skill      XL: |  1  2 |
---------------+-------+-----
Fighting       | 2 3 |  3.4
Throwing       | |  1.7
Dodging        | |  1.7
Spellcasting   | |  1.0
Hexes          | |  2.4

Action                   || total
-------------------------++-------
Melee: Unarmed           ||   145
Throw: Javelin           ||     1
Armor: Ring mail         ||    42
Dodge: Dodged            ||    83
